 Dungeon Crawl Stone Soup version 0.25-a0-1024-gbfbf38f2cb (webtiles) character file.

Game seed: 14648818739695607629, levelgen mode: deterministic

427 Flugslaktarn the Skirmisher (level 6, -8/48 HPs)
             Began as a Mummy Fighter on May 12, 2020.
             Killed from afar by an orc wizard (9 damage)
             ... with a magic dart
             ... on level 4 of the Dungeon.
             The game lasted 00:02:02 (3207 turns).

Flugslaktarn the Skirmisher (Mummy Fighter)         Turns: 3207, Time: 00:02:02

Health: -8/48      AC: 10    Str: 21    XL:     6   Next: 65%
Magic:  6/6        EV:  5    Int:  7    God:
Gold:   124        SH:  9    Dex: 15    Spells: 5/5 levels left

rFire    x . .     SeeInvis .   a - +1 war axe
rCold    + . .     Gourm    .   c - +0 kite shield
rNeg     + + +     Faith    .   h - +0 chain mail
rPois    ∞         Spirit   .   (no helmet)
rElec    .         Reflect  .   f - +0 cloak
rCorr    .         Harm     .   (no gloves)
MR       .....                  (no boots)
Stlth    ..........             (no amulet)
HPRegen  0.16/turn              d - +3 ring of dexterity
MPRegen  0.10/turn              (no ring)

@: slowed, very slow
A: no food or potions, fire vulnerability, cold resistance 1, negative energy
resistance 3, torment resistance, unbreathing
a: no special abilities


You were on level 4 of the Dungeon.
You were not hungry.

You visited 1 branch of the dungeon, and saw 4 of its levels.

You collected 124 gold pieces.

Inventory:

Hand Weapons
 a - a +1 war axe (weapon)
Armour
 c - a +0 kite shield (worn)
 f - a +0 cloak (worn)
   (You found it on level 1 of the Dungeon)
 h - a +0 chain mail (worn)
   (You found it on level 1 of the Dungeon)
Jewellery
 d - a +3 ring of dexterity (left hand)
   (You found it on level 1 of the Dungeon)
Wands
 e - a wand of paralysis (6)
   (You found it on level 4 of the Dungeon)
Scrolls
 b - a scroll of immolation
 i - a scroll of magic mapping
 t - a scroll of teleportation


   Skills:
 + Level 4.2 Fighting
 * Level 3.9 Axes
 + Level 3.5 Armour
 + Level 3.5 Shields


You had 5 spell levels left.
You didn't know any spells.
Your spell library was empty.

Dungeon Overview and Level Annotations

Branches:
Dungeon (4/15)
 Temple: D:4-7

Altars:
Okawaru
Qazlal
Uskayaw
Yredelemnul

Shops:
D:4 [


Innate Abilities, Weirdness & Mutations

You do not eat or drink.
Your flesh is vulnerable to fire.
You are immune to poison.
Your flesh is cold resistant. (rC+)
You are immune to negative energy. (rN+++)
You are immune to unholy pain and torment.
You can survive without breathing.


Message History

You are too injured to fight recklessly!
You are too injured to fight recklessly!
You are too injured to fight recklessly!
You are too injured to fight recklessly!
You are too injured to fight recklessly!
You are too injured to fight recklessly!
You are too injured to fight recklessly!
Unknown command.
You hit the orc priest.
You kill the orc priest!
The orc wizard gestures at you while chanting.
The magic dart hits you.
* * * LOW HITPOINT WARNING * * *
You can't drink.
Unknown command.
You hit the orc wizard but do no damage.
The orc wizard is lightly wounded.
The orc wizard casts a spell at you. The magic dart hits you!
You die... #...## ##.## ################## .###.# ### #### .# #.# ### ###### #o. .###.## #.. ..##.. .go

......# #.# #.##.# #o#
#####.# #.# #!##.# #g#
#.# #.# #.##.# #o# #.#
#.####.##.# #.# # #.#
#..@[.....####.# #
#.########.o###......)oo#
#####.#......#.<#
###########
................#
############....# #
###### #


You could see an orc wizard (fast).

Vanquished Creatures
  A phantom (D:4)
  An ogre (D:4)
  An orc priest (D:4)
  2 orc wizards (D:2)
  A worker ant (D:4)
  3 gnolls
  4 adders
  An ooze (D:1)
  A dart slug (D:1)
  3 leopard geckos
  5 orcs
  4 bats
  2 giant cockroaches
  7 goblins
  7 hobgoblins
  8 jackals
  3 quokkas (D:3)
  3 ball pythons
  6 frilled lizards
  8 kobolds
  10 rats
81 creatures vanquished.

Notes
Turn   | Place    | Note
-------+----------+-------------------------------------------
     0 | D:1      | Flugslaktarn the Mummy Fighter began the quest for the Orb.
     0 | D:1      | Reached XP level 1. HP: 18/18 MP: 1/1
    88 | D:1      | Reached XP level 2. HP: 18/24 MP: 2/2
  1091 | D:2      | Reached XP level 3. HP: 29/29 MP: 3/3
  1609 | D:2      | Found an iron altar of Okawaru.
  1741 | D:2      | Reached XP level 4. HP: 34/35 MP: 4/4
  1821 | D:2      | Found a hide-covered altar of Uskayaw.
  2110 | D:3      | Reached XP level 5. HP: 38/42 MP: 5/5
  2183 | D:3      | Noticed an air elemental
  2184 | D:3      | Found a stormy altar of Qazlal.
  2185 | D:3      | Noticed a fire elemental
  2186 | D:3      | Noticed a water elemental
  2273 | D:3      | Found a basalt altar of Yredelemnul.
  2496 | D:4      | Noticed an ogre
  2499 | D:4      | Noticed a phantom
  2504 | D:4      | Killed an ogre
  2684 | D:4      | Killed a phantom
  2684 | D:4      | Reached skill level 4 in Fighting
  2684 | D:4      | Reached XP level 6. HP: 36/48 MP: 6/6
  2841 | D:4      | Found Eghosmes's Armour Emporium.
  3206 | D:4      | HP: 1/48 [orc wizard/magic dart (6)]
  3207 | D:4      | Killed from afar by an orc wizard

Illustrated notes

Levels and vault maps discovered:
D:1:      mushboom_english_gardens, layout_basic, corexii_hall_statues_x
D:2:      layout_basic, okawaru_gym_becter, eat_drink_and_be_merry_uskayaw,
          minmay_box_of_dots
D:3:      layout_basic, yredelemnul_altar_generic,
          nicolae_qazlal_style_of_elements, hangedman_decor_clover_reticule
D:4:      layout_loops_ring, serial_shops, shop

Skill      XL: |  1  2  3  4  5 |
---------------+----------------+-----
Axes           | 2 3 |  3.9
Armour         | 3 |  3.5
Shields        | 3 |  3.5
Fighting       | 4 |  4.2

Action                   |  1- 3 |  4- 6 || total
-------------------------+-------+-------++-------
Melee: War axe           |   117 |   142 ||   259
  Use: Scroll            |     5 |     2 ||     7
Armor: Scale mail        |    17 |       ||    17
       Chain mail        |    49 |    87 ||   136
Dodge: Dodged            |    33 |    24 ||    57
Block: Kite shield       |    47 |    74 ||   121

Table legend:
 A = Non-vault XP
 B = Vault XP
 C = Vault XP percentage of total XP
 D = Non-vault monster count
 E = Vault monster count
 F = Vault count percentage of total count
                 A         B        C        D         E       F
            +---------+---------+-------+---------+---------+-------
      Total |     604 |       7 |   1.1 |      77 |       4 |   4.9
            +---------+---------+-------+---------+---------+-------
        D:1 |      41 |       0 |   0.0 |      21 |       0 |   0.0
        D:2 |     139 |       7 |   4.8 |      21 |       4 |  16.0
        D:3 |      51 |       0 |   0.0 |      20 |       0 |   0.0
        D:4 |     373 |       0 |   0.0 |      15 |       0 |   0.0
            +---------+---------+-------+---------+---------+-------
